 Dungeon Crawl Stone Soup version 0.21.1-1-g345015f (webtiles) character file.

79 kae the Chiller (level 4, -2/48 HPs)
             Began as a Merfolk Ice Elementalist on June 7, 2018.
             Killed by nerve-wracking pain
             ... invoked by Grinder
              (4 damage)
             ... on level 2 of the Dungeon.
             The game lasted 00:02:26 (2566 turns).

kae the Chiller (Merfolk Ice Elementalist)          Turns: 2566, Time: 00:02:26

Health: -2/48      AC:  3    Str: 13    XL:     4   Next: 37%
Magic:  7/7        EV: 13    Int: 15    God:
Gold:   88         SH:  0    Dex: 14    Spells: 2/8 levels left

rFire    . . .     SeeInvis .   k - +0 short sword
rCold    . . .     Gourm    .   (no shield)
rNeg     . . .     Faith    .   a - +0 robe
rPois    .         Spirit   .   (no helmet)
rElec    .         Reflect  .   (no cloak)
rCorr    .         Harm     .   r - +0 pair of gloves
MR       .....                  (no boots)
Stlth    ..........             (no amulet)
HPRegen  0.16/turn              (no ring)
MPRegen  0.10/turn              (no ring)

@: berserking, very quick
A: change form in water, swift swim, stealthy swim
a: no special abilities


You were on level 2 of the Dungeon.
You were not hungry.

You visited 1 branch of the dungeon, and saw 3 of its levels.

You collected 88 gold pieces.

Inventory:

Hand Weapons
 k - a +0 short sword (weapon)
Armour
 a - a +0 robe (worn)
 r - a +0 pair of gloves (worn)
Jewellery
 h - a cursed ring of teleportation {unknown}
Scrolls
 d - 4 scrolls of identify {unknown}
 e - a scroll of fog {unknown}
 f - a scroll of teleportation {unknown}
 i - a scroll of immolation {unknown}
 l - a scroll of noise {unknown}
 m - 3 scrolls of enchant weapon {unknown}
Potions
 j - a potion of might {unknown}
 n - a potion of haste {unknown}
Books
 b - a book of Frost

   Spells                             Type                      Level
   a - Freeze                         Ice                          1
   b - Throw Frost                    Conjuration/Ice              2
   c - Ozocubu's Armour               Charms/Ice                   3
   d - Throw Icicle                   Conjuration/Ice              4
   e - Summon Ice Beast               Ice/Summoning                4
Comestibles
 c - 8 rations


   Skills:
 + Level 1.6 Fighting
 + Level 3.5 Dodging
 - Level 2.1 Stealth
 + Level 2.5 Spellcasting
 - Level 0.7 Conjurations
 * Level 4.3 Ice Magic


You had 2 spell levels left.
You knew the following spells:

 Your Spells              Type           Power        Failure   Level  Hunger
a - Freeze                Ice            ##..         3%          1    #......
b - Throw Frost           Conj/Ice       #.....       11%         2    ###....
c - Ozocubu's Armour      Chrm/Ice       #.......     26%         3    ###....


Dungeon Overview and Level Annotations

Branches:
Dungeon (3/15)

Altars:

Annotations:
D:2 Grinder
D:3 exclusion: ogre, Sigmund


Message History

Casting: Freeze
Confirm with . or Enter, or press ? or * to list all spells.
Aiming: Freeze
Press: ? - help, Shift-Dir - straight line, f/p - Grinder
Aim: Grinder (lightly wounded)
You freeze Grinder.
Grinder completely resists.
Grinder is lightly wounded.
Grinder completely misses you.
It was a potion of curing.
You feel better. Grinder gestures at you. Pain shoots through your body!
* * * LOW HITPOINT WARNING * * *
It was a potion of magic.
Magic courses through your body. Grinder barely misses you.
It was a potion of berserk rage.
A red film seems to cover your vision as you go berserk!
You feel yourself moving faster!
You feel mighty! Grinder gestures at you. Pain shoots through your body!
You die...

#######################
#......................
#.##################### #.#
#.........
#.############.........
#####....5.......#.........
#.........@.........(......
##.###..##.####............
#.##.......# #...#.#..÷...
#....####..# #...#.#......
##.....##..###...#.#.....[
#.##...........##.#######
#.######..####.##.#....##
#.# #..#######.#.##.## #.#
#.÷##.........#.##


You could see Grinder.

Vanquished Creatures
  3 adders (D:2)
  3 dart slugs (D:1)
  4 ball pythons
  A giant cockroach (D:1)
  6 goblins
  4 hobgoblins
  2 jackals (D:2)
  A quokka (D:2)
  8 bats
  6 frilled lizards
  3 kobolds
  7 rats
48 creatures vanquished.

Notes
Turn   | Place    | Note
-------+----------+-------------------------------------------
     0 | D:1      | kae the Merfolk Ice Elementalist began the quest for the Orb.
     0 | D:1      | Reached XP level 1. HP: 13/13 MP: 3/3
   250 | D:1      | Reached XP level 2. HP: 4/20 MP: 0/5
   895 | D:1      | Reached skill level 1 in Fighting
   971 | D:1      | Reached XP level 3. HP: 26/26 MP: 4/6
   975 | D:1      | Learned a level 2 spell: Throw Frost
   979 | D:1      | Learned a level 3 spell: Ozocubu's Armour
  1405 | D:2      | Reached skill level 4 in Ice Magic
  1679 | D:2      | Found a faded altar of an unknown god.
  1968 | D:2      | Reached XP level 4. HP: 32/32 MP: 5/7
  2438 | D:3      | Noticed an ogre
  2539 | D:3      | Noticed Grinder
  2541 | D:3      | Noticed Sigmund
  2564 | D:2      | HP: 1/32 [Grinder/nerve-wracking pain (13)]
  2566 | D:2      | Killed from afar by Grinder

Skill      XL: |  1  2  3 |
---------------+----------+-----
Dodging        | 3 |  3.5
Fighting       | 1 |  1.6
Ice Magic      | 4 |  4.3
Stealth        | |  2.1
Spellcasting   | |  2.5
Conjurations   | |  0.7

Action                   |  1- 3 |  4- 6 || total
-------------------------+-------+-------++-------
Melee: Unarmed           |    28 |       ||    28
       Short sword       |    12 |     7 ||    19
 Cast: Freeze            |    49 |    19 ||    68
  Use: Potion            |       |     3 ||     3
 Stab: Sleeping          |     1 |       ||     1
  Eat: Ration            |     1 |       ||     1
       Chunk             |       |     3 ||     3
Armor: Robe              |    12 |    16 ||    28
Dodge: Dodged            |    66 |    24 ||    90
